 Dungeon Crawl Stone Soup version 0.31.0-10-gcf4a605ca0 (webtiles) character file.

Game seed: 688403578813098228

6066 Persephone the Skirmisher (level 10, -20/79 HPs)
             Began as a Gnoll Hunter on Jan 25, 2024.
             Was an Elder of Jiyva.
             Demolished by a red ugly thing (22 damage)
             ... on level 10 of the Dungeon.
             The game lasted 00:13:10 (7071 turns).

Persephone the Skirmisher (Gnoll Hunter)            Turns: 7071, Time: 00:13:11

Health: -20/79     AC:  3    Str:  9    XL:     10   Next: 87%
Magic:  18/18      EV: 22    Int:  8    God:    Jiyva [****..]
Gold:   274        SH:  0    Dex: 24    Spells: 20/20 levels left

rFire   . . .        a - +1 shortbow (freeze)
rCold   . . .        (shield currently unavailable)
rNeg    . . .        c - +0 leather armour
rPois   .            (no helmet)
rElec   .            (no cloak)
rCorr   +            (no gloves)
SInv    .            (no boots)
Will    .....        (no amulet)
Stlth   +++++        v - ring of resist corrosion
HPRegen 1.61/turn    z - +5 ring of evasion
MPRegen 0.80/turn

%: no passive effects
@: no status effects
A: fangs 1, strong nose, distributed training, agile 1, translucent skin 3
a: Renounce Religion, Oozemancy, Slimify


You were on level 10 of the Dungeon.
You worshipped Jiyva.
Jiyva was greatly pleased with you.
You visited 1 branch of the dungeon, and saw 10 of its levels.
You also visited: Sewer.

You collected 274 gold pieces.

Inventory:

Hand Weapons
 a - a +1 shortbow of freezing (weapon)
 x - a +0 orcbow
Armour
 c - a +0 leather armour (worn)
Jewellery
 v - a ring of resist corrosion (left hand)
 z - a +5 ring of evasion (right hand)
Wands
 p - a wand of paralysis (17)
 u - a wand of polymorph (9)
Scrolls
 b - a scroll of butterflies
 g - 3 scrolls of enchant armour
 m - a scroll of amnesia
 n - a scroll of vulnerability
 t - a scroll of poison
 w - 2 scrolls of enchant weapon
 y - a scroll of blinking
Potions
 e - 4 potions of lignification
 f - 2 potions of enlightenment
 h - 4 potions of heal wounds
 i - a potion of ambrosia {unknown}
 j - a potion of berserk rage {unknown}
 k - 4 potions of brilliance
 l - 2 potions of attraction {unknown}
 o - a potion of resistance {unknown}
 q - 2 potions of degeneration
 r - 3 potions of cancellation
 s - 3 potions of invisibility


   Skills:
 + Level 7.5 Fighting
 + Level 5.9 Short Blades
 + Level 5.9 Long Blades
 + Level 5.9 Axes
 + Level 5.9 Maces & Flails
 + Level 5.9 Polearms
 + Level 5.9 Staves
 + Level 10.4 Ranged Weapons
 + Level 5.9 Throwing
 + Level 5.9 Armour
 + Level 7.5 Dodging
 + Level 6.4 Stealth
 + Level 5.9 Shields
 + Level 5.9 Unarmed Combat
 + Level 5.9 Spellcasting
 + Level 4.9 Conjurations
 + Level 4.9 Hexes
 + Level 4.9 Summonings
 + Level 4.9 Necromancy
 + Level 4.9 Translocations
 + Level 4.9 Fire Magic
 + Level 4.9 Ice Magic
 + Level 4.9 Air Magic
 + Level 4.9 Earth Magic
 + Level 4.9 Alchemy
 + Level 6.5 Invocations
 + Level 5.9 Evocations
 + Level 5.3 Shapeshifting


You had 20 spell levels left.
You didn't know any spells.
Your spell library contained the following spells:

 Spells                   Type           Power      Damage    Failure   Level
 Shock                    Conj/Air       40%        1d5       4%          1
 Mercury Vapours          Alch/Air       20%        N/A       6%          2
 Gell's Gravitas          Tloc           10%        N/A       13%         3
 Swiftness                Air            10%        N/A       13%         3
 Teleport Other           Tloc           10%        N/A       13%         3
 Airstrike                Air            5%         2d(1-17)  38%         4
 Summon Lightning Spire   Summ/Air       10%        N/A       38%         4
 Vhi's Electric Charge    Tloc/Air       20%        N/A       38%         4
 Arcjolt                  Conj/Air       5%         1d15      75%         5
 Dispersal                Tloc           5%         N/A       100%        6


Dungeon Overview and Level Annotations

Branches:
Dungeon (10/15)            Temple (0/1) D:7            Lair (0/5) D:9
  Sewer (visited)
    Orc: D:9-12

Altars:
Ashenzari
Nemelex Xobeh
Sif Muna
Wu Jian

Shops:
D:3 =   D:6 :


Innate Abilities, Weirdness & Mutations

You have very sharp teeth.
Your uncanny sense of smell can sniff out nearby items.
Your experience applies equally to all skills.
You are agile. (Dex +4, Str/Int -1)
Your transparent skin significantly reduces your foes' accuracy. (Stealth+)


Message History

Aim: a red ugly thing (severely wounded, 72% to hit)
You shoot an arrow. The arrow hits the red ugly thing.
The arrow freezes the red ugly thing.
The red ugly thing is almost dead.
The red ugly thing trunk-slaps you.
You are engulfed in flames!
Fire: a) +1 shortbow (freeze)
Press: ? - help, Shift-Dir - straight line, f/p - red ugly thing
Aim: a red ugly thing (almost dead, 72% to hit)
You shoot an arrow.
The arrow barely misses the red ugly thing.
The red ugly thing trunk-slaps you but does no damage.
Fire: a) +1 shortbow (freeze)
Press: ? - help, Shift-Dir - straight line, f/p - red ugly thing
Aim: a red ugly thing (almost dead, 72% to hit)
You shoot an arrow.
The arrow closely misses the red ugly thing.
The red ugly thing completely misses you.
Fire: a) +1 shortbow (freeze)
Press: ? - help, Shift-Dir - straight line, f/p - red ugly thing
Aim: a red ugly thing (almost dead, 72% to hit)
You shoot an arrow.
The arrow closely misses the red ugly thing.
The red ugly thing trunk-slaps you!
You are engulfed in flames!!
* * * LOW HITPOINT WARNING * * *
Fire: a) +1 shortbow (freeze)
Press: ? - help, Shift-Dir - straight line, f/p - red ugly thing
Aim: a red ugly thing (almost dead, 72% to hit)
You shoot an arrow.
The arrow barely misses the red ugly thing.
The red ugly thing completely misses you.
Fire: a) +1 shortbow (freeze)
Press: ? - help, Shift-Dir - straight line, f/p - red ugly thing
Aim: a red ugly thing (almost dead, 72% to hit)
You shoot an arrow. The arrow hits the red ugly thing.
The arrow freezes the red ugly thing.
The red ugly thing is almost dead.
The red ugly thing trunk-slaps you!
* * * LOW HITPOINT WARNING * * *
You are engulfed in flames!!
You die...

#############
#...#....@u.#
#.#.#>#####.#
#.#...#.....# ∆
#.#########.# ∆
#.#...#...#.##
#.#.#.#.#.#<.#
#.#.#.#<..#........
#.#.#.#.###.##.....
#...#...# ..# #####


You could see a red ugly thing.

Vanquished Creatures
  2 kobold demonologists
  A troll (D:9)
  5 yaks (D:9)
  Menkaure (D:4)
  An acid dragon (D:9)
  2 black bears
  An ice beast (D:8)
  4 orc warriors
  3 sky beasts (D:6)
  A wolf (D:9)
  2 centaurs
  2 ogres
  6 kobold brigands
  5 bullfrogs
  4 scorpions
  7 wights
  4 killer bees (D:9)
  3 howler monkeys (D:7)
  A vampire bat (D:3)
  3 electric eels (D:9)
  12 hounds
  4 gnoll boudas
  3 jellies
  3 orc priests
  Ijyb (D:3)
  3 iguanas
  2 sleepcaps
  5 orc wizards
  11 adders
  14 gnolls
  2 white imps
  4 dart slugs
  3 fire bats (D:3)
  2 ribbon worms
  28 orcs
  2 spectral bats (D:3)
  3 bat skeletons (D:3)
  A bat zombie (D:3)
  13 endoplasms
  9 giant cockroaches
  9 goblins
  8 hobgoblins
  4 jackals (D:3)
  4 quokkas
  12 ball pythons
  12 bats
  A bat simulacrum (D:3)
  A frilled lizard (D:1)
  19 kobolds
  10 rats
263 creatures vanquished.

Vanquished Creatures (others)
  3 centaurs
  A kobold brigand (D:8)
  A wight (D:8)
  13 jellies
  2 hounds (D:9)
  A sleepcap (D:6)
  2 orc wizards
  A shadow imp (D:6)
  2 orcs
  12 kobolds
38 creatures vanquished.

Grand Total: 301 creatures vanquished

Notes
Turn   | Place    | Note
-------+----------+-------------------------------------------
     0 | D:1      | Persephone the Gnoll Hunter began the quest for the Orb.
     0 | D:1      | Reached XP level 1. HP: 20/20 MP: 1/1
    12 | D:1      | Found a faded altar of an unknown god.
    94 | D:1      | Reached XP level 2. HP: 26/26 MP: 2/2
   268 | D:1      | Reached XP level 3. HP: 31/31 MP: 3/3
   411 | D:2      | Got the Cyclopedia of the Zephyr
   442 | D:2      | Reached skill level 1 in Invocations
   538 | D:2      | Reached skill level 1 in Short Blades
   538 | D:2      | Reached skill level 1 in Long Blades
   538 | D:2      | Reached skill level 1 in Axes
   538 | D:2      | Reached skill level 1 in Maces & Flails
   538 | D:2      | Reached skill level 1 in Polearms
   538 | D:2      | Reached skill level 1 in Staves
   538 | D:2      | Reached skill level 1 in Throwing
   538 | D:2      | Reached skill level 1 in Armour
   538 | D:2      | Reached skill level 1 in Shields
   538 | D:2      | Reached skill level 1 in Unarmed Combat
   538 | D:2      | Reached skill level 1 in Spellcasting
   538 | D:2      | Reached skill level 1 in Evocations
   538 | D:2      | Reached skill level 1 in Shapeshifting
   538 | D:2      | Reached XP level 4. HP: 34/38 MP: 5/5
   594 | D:2      | Reached skill level 1 in Conjurations
   594 | D:2      | Reached skill level 1 in Hexes
   594 | D:2      | Reached skill level 1 in Summonings
   594 | D:2      | Reached skill level 1 in Necromancy
   594 | D:2      | Reached skill level 1 in Translocations
   594 | D:2      | Reached skill level 1 in Fire Magic
   594 | D:2      | Reached skill level 1 in Ice Magic
   594 | D:2      | Reached skill level 1 in Air Magic
   594 | D:2      | Reached skill level 1 in Earth Magic
   594 | D:2      | Reached skill level 1 in Alchemy
  1067 | D:3      | Found Pydeat's Jewellery Shop.
  1118 | D:3      | Reached XP level 5. HP: 43/43 MP: 7/7
  1480 | D:3      | Noticed Ijyb
  1496 | D:3      | Paralysed by Ijyb for 2 turns
  1500 | D:3      | Paralysed by Ijyb for 2 turns
  1513 | D:3      | Paralysed by Ijyb for 4 turns
  1520 | D:3      | Paralysed by Ijyb for 4 turns
  1531 | D:3      | Killed Ijyb
  1808 | D:3      | Reached XP level 6. HP: 50/50 MP: 8/8
  1841 | D:3      | Reached skill level 5 in Fighting
  1841 | D:3      | Reached skill level 5 in Dodging
  2119 | D:4      | Noticed Menkaure
  2129 | D:4      | Killed Menkaure
  2130 | D:4      | Reached XP level 7. HP: 53/56 MP: 10/10
  2412 | D:4      | Reached skill level 9 in Ranged Weapons
  2593 | D:5      | Entered Level 5 of the Dungeon
  2680 | D:5      | Reached XP level 8. HP: 46/63 MP: 12/12
  3496 | D:6      | Found a glowing drain.
  3499 | Sewer    | Entered a sewer
  3665 | Sewer    | Found a viscous altar of Jiyva.
  3771 | Sewer    | Became a worshipper of Jiyva Joiso the Shapeless
  3844 | D:6      | Identified the +1 short sword "Xuzaset" {speed, Dex+3}
  4094 | D:6      | Found Buvyom's Book Emporium.
  4229 | D:6      | Reached * piety under Jiyva
  4243 | D:6      | Reached XP level 9. HP: 17/69 MP: 14/14
  4777 | D:7      | Reached skill level 5 in Stealth
  4983 | D:7      | Found an ornate altar of the Wu Jian Council.
  4987 | D:7      | Found a shimmering blue altar of Sif Muna.
  4987 | D:7      | Found a broken altar of Ashenzari.
  4992 | D:7      | Found a sparkling altar of Nemelex Xobeh.
  5106 | D:7      | Reached ** piety under Jiyva
  5254 | D:7      | Found a staircase to the Ecumenical Temple.
  5307 | D:8      | Reached skill level 5 in Invocations
  5705 | D:8      | Reached *** piety under Jiyva
  5758 | D:8      | Gained mutation: Your translucent skin slightly reduces
                  | your foes' accuracy. (Stealth+) [Jiyva's grace]
  5758 | D:8      | Gained mutation: Your translucent skin reduces your foes'
                  | accuracy. (Stealth+) [Jiyva's grace]
  5758 | D:8      | Gained mutation: Your transparent skin significantly
                  | reduces your foes' accuracy. (Stealth+) [Jiyva's grace]
  5758 | D:8      | Gained mutation: You are agile. (Dex +4, Str/Int -1)
                  | [Jiyva's grace]
  5920 | D:9      | Noticed a kobold demonologist
  5927 | D:9      | Reached skill level 5 in Short Blades
  5927 | D:9      | Reached skill level 5 in Long Blades
  5927 | D:9      | Reached skill level 5 in Axes
  5927 | D:9      | Reached skill level 5 in Maces & Flails
  5927 | D:9      | Reached skill level 5 in Polearms
  5927 | D:9      | Reached skill level 5 in Staves
  5927 | D:9      | Reached skill level 5 in Throwing
  5927 | D:9      | Reached skill level 5 in Armour
  5927 | D:9      | Reached skill level 5 in Shields
  5927 | D:9      | Reached skill level 5 in Unarmed Combat
  5927 | D:9      | Reached skill level 5 in Spellcasting
  5927 | D:9      | Reached skill level 5 in Evocations
  5927 | D:9      | Reached XP level 10. HP: 21/77 MP: 17/17
  5992 | D:8      | Reached skill level 10 in Ranged Weapons
  6005 | D:9      | Noticed a smoke demon
  6018 | D:8      | Killed a kobold demonologist
  6242 | D:9      | Noticed a kobold demonologist
  6255 | D:9      | Noticed a smoke demon
  6258 | D:9      | Killed a kobold demonologist
  6275 | D:9      | Reached skill level 5 in Shapeshifting
  6504 | D:9      | Found a staircase to the Lair.
  6754 | D:9      | Reached **** piety under Jiyva
  7004 | D:10     | Entered Level 10 of the Dungeon
  7045 | D:10     | Noticed a red ugly thing
  7071 | D:10     | HP: 2/79 [red ugly thing (15)]
  7071 | D:10     | Demolished by a red ugly thing

Illustrated notes

Levels and vault maps discovered:
D:1:      heliophobic_arrival_battle_scene, layout_rooms,
          ebering_ecumenical_altar_sacrificial
D:2:      layout_loops_cross
D:3:      layout_loops_ring, serial_shops, shop, grunt_decor_fettered,
          minivault_14, minmay_door_square, goddamned_bats, uniq_ijyb
D:4:      layout_cave_pools, uniq_menkaure
D:5:      layout_basic
D:6:      layout_basic, serial_shops, nicolae_shop_rolling_square,
          mainiacjoe_sewer_entry_somewhere_in_here_1
D:7:      layout_cave_pools, grunt_temple_overflow_open,
          minmay_temple_entry_enclosed_plants, st_stairs_12, nicolae_tricolors
D:8:      layout_loops_ring
D:9:      minmay_angry_zag, layout_irregular_city, erik_lair_island
D:10:     layout_roguey

Skill      XL: |  1  2  3  4  5  6  7  8  9 10 |
---------------+-------------------------------+-----
Invocations    | 1 2 3 4 5 6 |  6.5
Short Blades   | 1 2 3 5 |  5.9
Long Blades    | 1 2 3 5 |  5.9
Axes           | 1 2 3 5 |  5.9
Maces & Flails | 1 2 3 5 |  5.9
Polearms       | 1 2 3 5 |  5.9
Staves         | 1 2 3 5 |  5.9
Throwing       | 1 2 3 5 |  5.9
Armour         | 1 2 3 5 |  5.9
Shields        | 1 2 3 5 |  5.9
Unarmed Combat | 1 2 3 5 |  5.9
Spellcasting   | 1 2 3 5 |  5.9
Evocations     | 1 2 3 5 |  5.9
Shapeshifting  | 1 2 3 4 5 |  5.3
Conjurations   | 1 2 3 4 |  4.9
Hexes          | 1 2 3 4 |  4.9
Summonings     | 1 2 3 4 |  4.9
Necromancy     | 1 2 3 4 |  4.9
Translocations | 1 2 3 4 |  4.9
Fire Magic     | 1 2 3 4 |  4.9
Ice Magic      | 1 2 3 4 |  4.9
Air Magic      | 1 2 3 4 |  4.9
Earth Magic    | 1 2 3 4 |  4.9
Alchemy        | 1 2 3 4 |  4.9
Stealth        | 3 4 5 6 |  6.4
Fighting       | 5 6 7 |  7.5
Dodging        | 5 6 7 |  7.5
Ranged Weapons | 9 10 | 10.4

Action                     |  1- 3 |  4- 6 |  7- 9 | 10-12 || total
---------------------------+-------+-------+-------+-------++-------
   Fire: Shortbow          |    78 |   183 |   506 |   277 ||  1044
  Evoke: Wand              |       |     3 |     1 |       ||     4
    Use: Scroll            |     4 |     6 |     8 |     1 ||    19
         Potion            |       |       |     2 |       ||     2
 Armour: Leather armour    |    12 |    72 |   109 |    87 ||   280
  Dodge: Dodged            |     6 |    97 |   123 |   243 ||   469
